 Dungeon Crawl Stone Soup version 0.30-a0-967-g9b59a09336 (webtiles) character file.

Game seed: 14949824715301962758

10492 Maize the Cleaver (level 11, 0/153 HPs)
             Began as a Minotaur Berserker on Mar 31, 2023.
             Was an Elder of Trog.
             Slain by a molten gargoyle
             ... wielding a +0 mace
              (8 damage)
             ... while petrified by a catoblepas
             ... in a Gauntlet.
             The game lasted 00:15:20 (9034 turns).

Maize the Cleaver (Minotaur Berserker)              Turns: 9034, Time: 00:15:20

Health: 0/153      AC: 17    Str: 30    XL:     11   Next: 36%
Magic:  10/10      EV:  2    Int:  4    God:    Trog [****..]
Gold:   609        SH:  0    Dex: 10    Spells: 10/10 levels left

rFire   + . .      SeeInvis .    n - +6 hand axe of Foul Odours {freeze, Str+4}
rCold   x . .      Faith    .    H - +0 kite shield
rNeg    + + +      Spirit   .    L - +0 plate armour
rPois   ∞          Reflect  .    (helmet restricted)
rElec   .          Rampage  .    (no cloak)
rCorr   .          NoTele   +    N - +1 pair of gloves {Stlth+}
Will    .....                    (no boots) Stlth
                                 M - amulet of regeneration
HPRegen 1.25/turn                s - ring of positive energy
MPRegen 0.12/turn                a - ring of fire

@: berserking (expiring), petrified
A: horns 2, retaliatory headbutt
a: Renounce Religion, Berserk, Trog's Hand, Brothers in Arms


You were in a Gauntlet.
You worshipped Trog.
Trog was greatly pleased with you.
You visited 2 branches of the dungeon, and saw 10 of its levels.
You also visited: Sewer and Gauntlet.

You collected 693 gold pieces.
You spent 84 gold pieces at shops.

Inventory:

Hand Weapons
 n - the +6 hand axe of Foul Odours (weapon) {freeze, Str+4}
   (You found it on level 2 of the Dungeon)

   Str:       It affects your strength (+4).
 I - a +0 broad axe
Missiles
 j - 2 throwing nets (quivered)
Armour
 x - the +5 ring mail "Kyryxaut" {rN+ Stlth+}
   (You found it in a Gauntlet)

   rN:        It protects you from negative energy.
   Stlth:     It makes you more stealthy.
 H - a +0 kite shield (worn)
 J - +0 swamp dragon scales
 L - a +0 plate armour (worn)
 N - a +1 pair of gloves of stealth (worn)
Jewellery
 a - a ring of fire (right hand)
 p - a ring of ice
 s - a ring of positive energy (left hand)
 M - an amulet of regeneration (around neck)
Wands
 t - a wand of flame (63)
 D - a wand of paralysis (14)
 G - a wand of polymorph (8)
 K - a wand of roots (12)
Scrolls
 c - a scroll of identify
 d - a scroll of enchant weapon
 e - a scroll of noise {unknown}
 f - 2 scrolls of fog
 g - 3 scrolls of blinking
 h - 4 scrolls of fear
 i - 3 scrolls of teleportation
 k - a scroll of poison {unknown}
 q - a scroll of silence {unknown}
 r - 3 scrolls of magic mapping {unknown}
 y - 4 scrolls of enchant armour {unknown}
 C - 3 scrolls of brand weapon {unknown}
 E - a scroll of amnesia {unknown}
 F - a scroll of acquirement {unknown}
Potions
 b - 9 potions of heal wounds
 l - 3 potions of haste {unknown}
 m - a potion of ambrosia {unknown}
 o - 2 potions of flight
 u - a potion of curing {unknown}
 v - 5 potions of cancellation {unknown}
 w - a potion of lignification {unknown}
 z - a potion of might {unknown}
 A - a potion of attraction {unknown}
 B - 3 potions of mutation {unknown}


   Skills:
 + Level 11.1 Fighting
 * Level 14.9 Axes
 + Level 10.7 Armour
 - Level 2.2 Dodging
 + Level 5.2 Shields


You had 10 spell levels left.
You didn't know any spells.
Your spell library was empty.

Dungeon Overview and Level Annotations

Branches:
Dungeon (9/15)             Temple (0/1) D:6            Lair (1/5) D:9
  Sewer (visited)         Gauntlet (1/1)
    Orc: D:9-12

Altars:
Cheibriados
Fedhas
Makhleb
Nemelex Xobeh
Sif Muna
Vehumet

Shops:
D:8 *

Annotations:
Lair:1 1 runed translucent door, anet's ghost, novice HOCj Gauntlet 7 transporters, 1 runed translucent door, exclusion: oklob plant


Innate Abilities, Weirdness & Mutations

You have a pair of horns on your head.
You reflexively headbutt those who attack you in melee.


Message History

The molten gargoyle blasts magma at you!
The bolt of magma hits you but does no damage.
You are engulfed in calcifying dust.
The catoblepas gores you!
* * * LOW HITPOINT WARNING * * *
The molten gargoyle hits you with a +0 mace.
* * * LOW HITPOINT WARNING * * *
You are engulfed in flames.
You resist.
* * * LOW HITPOINT WARNING * * *
You turn to flesh and can move again.
Unknown command.
Unknown command.
Unknown command.
Unknown command.
Unknown command.
You are too berserk!
You slash the catoblepas! You freeze the catoblepas.
You headbutt the catoblepas!
The catoblepas is moderately wounded.
You hit the molten gargoyle. You freeze the molten gargoyle.
You are engulfed in calcifying dust.
You are slowing down.
You hit the catoblepas but do no damage.
You headbutt the catoblepas!!
The catoblepas is severely wounded.
You hit the molten gargoyle. You freeze the molten gargoyle.
You are engulfed in calcifying dust.
Your limbs have turned to stone.
The molten gargoyle hits you with a +0 mace!
* * * LOW HITPOINT WARNING * * *
You are engulfed in flames.
You resist.
* * * LOW HITPOINT WARNING * * *
The catoblepas gores you but does no damage.
You have turned to stone.
You are engulfed in calcifying dust.
The molten gargoyle hits you with a +0 mace.
You are engulfed in flames.
You resist.
* * * LOW HITPOINT WARNING * * *
The catoblepas gores you!
* * * LOW HITPOINT WARNING * * *
The molten gargoyle hits you with a +0 mace!
You die...

8.8.8.8#.###.##.##.≈##
...8...#.#".#..#.#.≈≈#
...©...#.#.##©##D#.≈##
##################.##
..#©.........©#....≈##
8.#.8.8.8.8.8.#.8..≈≈#
..#©.........©#....≈##
########.#########.##
.....ZZ#.#....##@#.≈##
.8.8.⌠Z#.##..##Y9#.≈≈#
^.....Z#.###.#.99#.≈##
.#.©.#.###.##.##©#.##
^.....^#.#...#.###.≈##
.#.#.#.#.#..##.(##.≈≈#
.?=©.$.#.#.##©=.?#.≈##
########.#########.##
...................≈#


You could see a catoblepas, a molten gargoyle, an acid dragon and 2 gargoyles.

Vanquished Creatures
  Erica (D:8)
  A two-headed ogre (D:6)
  A wizard (Gauntlet)
  A black mamba (Lair:1)
  Joseph (D:8)
  A torpor snail (Gauntlet)
  A cane toad (Lair:1)
  A molten gargoyle (Gauntlet)
  Maggie (D:8)
  A komodo dragon (Lair:1)
  A troll (D:9)
  A polar bear (Lair:1)
  2 hornets
  Sigmund (D:4)
  2 wyverns (D:7)
  A wraith (D:9)
  A basilisk (Lair:1)
  4 yaks (Gauntlet)
  A steam dragon (D:6)
  2 water moccasins
  3 sky beasts
  Duvessa (D:6)
  5 orc warriors
  An ogre (D:7)
  5 centaurs
  4 kobold brigands
  2 phantoms
  11 bullfrogs
  3 gnoll sergeants
  5 wights
  4 scorpions
  Dowan (D:6)
  6 killer bees (D:9)
  3 hounds
  5 jellies
  5 orc priests
  2 gnoll boudas (D:7)
  A sleepcap (D:8)
  8 orc wizards
  2 iguanas (D:7)
  2 adders
  10 gnolls
  3 shadow imps
  3 white imps
  2 worms
  2 dart slugs
  20 orcs
  8 ball pythons
  3 endoplasms
  A giant cockroach (D:3)
  6 goblins
  3 hobgoblins
  4 quokkas
  A bat (D:2)
  5 frilled lizards
  14 kobolds
  10 rats
  4 bushes (D:5)
204 creatures vanquished.

Vanquished Creatures (others)
  A fungus (D:2)
  10 plants
  4 withered plants (Gauntlet)
15 creatures vanquished.

Grand Total: 219 creatures vanquished

Notes
Turn   | Place    | Note
-------+----------+-------------------------------------------
     0 | D:1      | Maize the Minotaur Berserker began the quest for the Orb.
     0 | D:1      | Reached XP level 1. HP: 19/19 MP: 0/0
   427 | D:1      | Reached skill level 4 in Axes
   427 | D:1      | Reached XP level 2. HP: 27/27 MP: 1/1
   924 | D:2      | Identified the +6 hand axe of Foul Odours {freeze, Str+4}
  1225 | D:2      | Found a faded altar of an unknown god.
  1267 | D:3      | Found a glowing drain.
  1303 | Sewer    | Entered a sewer
  1306 | Sewer    | Reached XP level 3. HP: 30/33 MP: 2/2
  1367 | Sewer    | Noticed a kobold brigand
  1378 | Sewer    | Killed a kobold brigand
  1379 | Sewer    | Reached skill level 5 in Axes
  1379 | Sewer    | Reached XP level 4. HP: 30/41 MP: 3/3
  1432 | Sewer    | Found a white marble altar of Elyvilon.
  1661 | D:3      | Reached ** piety under Trog
  1954 | D:4      | Noticed Sigmund
  1960 | D:4      | Killed Sigmund
  1961 | D:4      | Reached skill level 5 in Fighting
  1961 | D:4      | Reached skill level 6 in Axes
  1961 | D:4      | Reached XP level 5. HP: 38/48 MP: 4/4
  1961 | D:4      | Reached XP level 6. HP: 45/56 MP: 5/5
  2216 | D:4      | Found a snail-covered altar of Cheibriados.
  2398 | D:4      | Noticed a sky beast
  2406 | D:4      | Killed a sky beast
  2407 | D:4      | Reached skill level 7 in Axes
  2672 | D:5      | Entered Level 5 of the Dungeon
  2749 | D:5      | Found a burning altar of Makhleb.
  2778 | D:5      | Reached skill level 5 in Armour
  2778 | D:5      | Reached XP level 7. HP: 56/62 MP: 6/6
  3071 | D:5      | Reached skill level 8 in Axes
  3784 | D:6      | Reached XP level 8. HP: 28/71 MP: 7/7
  3978 | D:6      | Reached skill level 9 in Axes
  3995 | D:6      | Noticed a hornet
  3998 | D:6      | Paralysed by a hornet for 2 turns
  4001 | D:6      | Killed a hornet
  4290 | D:6      | Found a staircase to the Ecumenical Temple.
  4303 | D:6      | Noticed a two-headed ogre
  4339 | D:6      | Killed a two-headed ogre
  4340 | D:6      | Reached skill level 10 in Axes
  4340 | D:6      | Reached XP level 9. HP: 81/81 MP: 8/8
  4429 | D:6      | Noticed Dowan
  4430 | D:6      | Noticed Duvessa
  4440 | D:6      | Killed Dowan
  4442 | D:6      | Killed Duvessa
  4443 | D:6      | Reached skill level 11 in Axes
  5115 | D:7      | Identified the +0 robe of Zin's Brutal Revenge {rPois}
  5130 | D:7      | Reached *** piety under Trog
  5299 | D:7      | Reached skill level 12 in Axes
  5966 | D:8      | Reached XP level 10. HP: 60/91 MP: 9/9
  6150 | D:8      | Found a shimmering blue altar of Sif Muna.
  6174 | D:8      | Noticed Joseph
  6189 | D:8      | Killed Joseph
  6197 | D:8      | Reached skill level 13 in Axes
  6203 | D:8      | Reached **** piety under Trog
  6600 | D:8      | Noticed Maggie
  6608 | D:8      | Killed Maggie
  6625 | D:8      | Reached skill level 1 in Shields
  6643 | D:8      | Noticed Erica
  6657 | D:8      | Killed Erica
  6658 | D:8      | Reached skill level 10 in Fighting
  6884 | D:8      | Found Biadej Erchu's General Store.
  6894 | D:8      | Bought a scroll of identify for 28 gold pieces
  6894 | D:8      | Bought a scroll of fear for 56 gold pieces
  7396 | D:9      | Found a sparkling altar of Nemelex Xobeh.
  7437 | D:9      | Found a radiant altar of Vehumet.
  7878 | D:9      | Found a staircase to the Lair.
  8080 | D:9      | Reached skill level 10 in Armour
  8094 | D:9      | Reached skill level 14 in Axes
  8104 | D:9      | Found a blossoming altar of Fedhas.
  8485 | Lair:1   | Entered Level 1 of the Lair of Beasts
  8490 | Lair:1   | Noticed a cane toad
  8499 | Lair:1   | Killed a cane toad
  8500 | Lair:1   | Reached XP level 11. HP: 86/101 MP: 10/10
  8708 | Lair:1   | Found a runed translucent door.
  8708 | Lair:1   | Noticed anet's ghost (novice HOCj)
  8714 | Lair:1   | Found a gate leading to a gauntlet.
  8723 | Gauntlet | Entered a Gauntlet
  8723 | Gauntlet | Found a transporter.
  8723 | Gauntlet | Found a transporter.
  8723 | Gauntlet | Found a runed translucent door.
  8725 | Gauntlet | Found a runed translucent door.
  8726 | Gauntlet | Found a transporter.
  8726 | Gauntlet | Found a transporter.
  8726 | Gauntlet | Noticed a wizard
  8730 | Gauntlet | Found a transporter.
  8730 | Gauntlet | Found a transporter.
  8733 | Gauntlet | a black mamba changed into a fire crab
  8733 | Gauntlet | Noticed a fire crab (shapeshifter)
  8756 | Gauntlet | a fire crab changed into a cyclops
  8759 | Gauntlet | Found a transporter.
  8763 | Gauntlet | Found a transporter.
  8771 | Gauntlet | Found a transporter.
  8787 | Gauntlet | Found a transporter.
  8787 | Gauntlet | Noticed a catoblepas
  8804 | Gauntlet | Found a transporter.
  8805 | Gauntlet | Found a transporter.
  8811 | Gauntlet | Noticed an oklob plant
  8894 | Gauntlet | Noticed a swamp dragon
  8895 | Gauntlet | a swamp dragon changed into a floating eye
  8932 | Gauntlet | Killed a wizard
  8958 | Gauntlet | a manticore changed into a shining eye
  8958 | Gauntlet | Noticed a shining eye (shapeshifter)
  8970 | Gauntlet | a shining eye changed into a redback
  8982 | Gauntlet | Reached skill level 5 in Shields
  8991 | Gauntlet | Identified the +5 ring mail "Kyryxaut" {rN+ Stlth+}
  9033 | Gauntlet | HP: 7/153 [catoblepas (8)]
  9034 | Gauntlet | Slain by a molten gargoyle

Illustrated notes

Levels and vault maps discovered:
D:1:      sevenhm_arrival_forest_fort_small_1, layout_basic
D:2:      layout_rooms, shapermc_ecumenical_altar_petra,
          minmay_goblin_kobold_house
D:3:      layout_basic, portal_sewer_entry_a
D:4:      layout_loops_ring, chei_slow_surprise, uniq_sigmund
D:5:      layout_loops_corners, nicolae_overflow_hidden_temple,
          lexackson_kobold_supper
D:6:      layout_rooms, minmay_temple_entry_sparse_star, grunt_ministairs_11,
          st_stairs_10, uniq_duvessa
D:7:      layout_basic, hex_large, minmay_joined_circles
D:8:      layout_loops_corners, mainiacjoe_overflow_chevrons, serial_shops,
          nicolae_shop_crystal, hangedman_decor_opposing,
          nicolae_fountain_basement, uniq_maggie, uniq_erica, uniq_joseph
D:9:      layout_loops_corners, nemelex_spade_bored_becter, lemuel_doored_altar,
          mainiacjoe_overflow_small_starburst, lair_entry_dummy,
          dk_noncrumbling_4, kennysheep_potato
Lair:1:   layout_regular_city, basic_altar, gammafunk_ghost_grave,
          gauntlet_entry_generic, infiniplex_staircase_pool, lemuel_fruit_fields
Gauntlet: minmay_gauntlet_77_indecision [minmay_gauntlet_arena_77_broken_ladder,
          minmay_gauntlet_arena_77_shame_cube,
          minmay_gauntlet_arena_77_terracotta_army,
          minmay_gauntlet_arena_77_tiled_triplets,
          minmay_gauntlet_arena_77_museum, minmay_gauntlet_arena_77_fan,
          gauntlet_exit_green]

Skill      XL: |  1  2  3  4  5  6  7  8  9 10 11 |
---------------+----------------------------------+-----
Axes           | 4 5 6 7 8 10 12 14 | 14.9
Fighting       | 4 5 6 8 9 10 11 | 11.1
Armour         | 3 4 5 6 7 9 10 | 10.7
Shields        | 4 5 |  5.2
Dodging        | |  2.2

Action                     |  1- 3 |  4- 6 |  7- 9 | 10-12 || total
---------------------------+-------+-------+-------+-------++-------
  Melee: Hand axe          |    52 |    40 |   263 |   190 ||   545
         Headbutt          |     6 |     7 |    55 |    40 ||   108
         Punch             |       |       |     5 |       ||     5
 Invoke: Berserk           |       |       |     4 |     8 ||    12
    Use: Scroll            |       |       |       |     4 ||     4
 Armour: Scale mail        |    16 |    14 |       |       ||    30
         Animal skin       |     1 |       |       |       ||     1
         Chain mail        |       |       |    56 |    35 ||    91
         Plate armour      |       |       |       |    39 ||    39
  Dodge: Dodged            |    27 |    12 |    71 |    49 ||   159
  Block: Kite shield       |       |       |       |    40 ||    40

Table legend: (Time is in decaauts)
 A = Elapsed time spent in this place.
 B = Non-inter-level travel time spent in this place.
 C = Inter-level travel time spent in this place.
 D = Time resting spent in this place.
 E = Time spent auto-exploring this place.
 F = Levels seen in this place.
 G = Mean time per level.
                   A        B        C        D        E       F      G
               +--------+--------+--------+--------+--------+-----+--------+
         Total |   9072 |   8656 |    416 |   1104 |   5961 |  12 |  756.0 |
       Dungeon |   8320 |   7904 |    416 |   1015 |   5813 |   9 |  924.4 |
          Lair |    240 |    240 |      0 |     88 |      0 |   1 |  240.0 |
         Sewer |    192 |    192 |      0 |      0 |    147 |   1 |  192.0 |
      Gauntlet |    319 |    319 |      0 |      0 |      0 |   1 |  319.0 |
               +--------+--------+--------+--------+--------+-----+--------+

Top non-repeatable levels by time:
     D:8: 1427 daAuts
     D:9: 1131 daAuts
     D:7: 1124 daAuts
     D:5: 1100 daAuts
     D:6: 1028 daAuts
     D:4: 811 daAuts
     D:1: 788 daAuts
     D:2: 471 daAuts
     D:3: 436 daAuts
Gauntlet: 319 daAuts
  Lair:1: 240 daAuts
   Sewer: 192 daAuts
